 Dungeon Crawl Stone Soup version 0.22.1-1-ga44c0e5 (webtiles) character file.

3368 whitewolfNL the Spear-Bearer (level 9, -13/75 HPs)
             Began as a Minotaur Berserker on Oct 15, 2018.
             Was an Elder of Trog.
             Mangled by a two-headed ogre
             ... wielding a +0 giant club
              (15 damage)
             ... on level 8 of the Dungeon.
             The game lasted 01:05:18 (11310 turns).

whitewolfNL the Spear-Bearer (Minotaur Berserker)  Turns: 11310, Time: 01:05:19

Health: -13/75     AC: 10    Str: 28    XL:     9   Next: 73%
Magic:  8/8        EV: 10    Int:  4    God:    Trog [****..]
Gold:   447        SH:  0    Dex: 11    Spells: 8/8 levels left

rFire    . . .     SeeInvis .   M - -2 halberd (curse)
rCold    . . .     Gourm    .   (shield currently unavailable)
rNeg     . . .     Faith    .   C - +0 chain mail (curse)
rPois    .         Spirit   .   (helmet restricted)
rElec    .         Reflect  .   (no cloak)
rCorr    .         Harm     .   (no gloves)
MR       .....                  (no boots)
Stlth    ..........             (no amulet)
HPRegen  0.22/turn              W - ring of stealth
MPRegen  0.11/turn              R - +4 ring of strength

@: about to teleport
A: retaliatory headbutt, horns 2
a: Berserk, Trog's Hand, Brothers in Arms, Renounce Religion


You were on level 8 of the Dungeon.
You worshipped Trog.
Trog was greatly pleased with you.
You were not hungry.

You visited 1 branch of the dungeon, and saw 8 of its levels.

You collected 447 gold pieces.

Inventory:

Hand Weapons
 f - a +0 blowgun
 g - a +0 quarterstaff
 i - a +4 flail
 m - a +0 halberd
 u - a +0 arbalest
 z - a +3 war axe
 G - a +0 halberd
 M - a cursed -2 halberd (weapon)
 O - a +0 shortbow
 T - a +0 long sword
 V - a +0 trident of protection
Missiles
 h - 294 stones (quivered)
 q - 22 bolts
 r - 80 poisoned needles
 v - 29 sling bullets
 w - 99 arrows
 y - 2 throwing nets
 H - 3 exploding tomahawks
Armour
 k - a +4 scale mail
 x - a +0 scale mail
 C - a cursed +0 chain mail (worn)
 J - a +0 shield
 Z - a +0 chain mail
Jewellery
 d - an uncursed ring of resist corrosion
 s - an uncursed ring of poison resistance
 D - a +3 ring of evasion
 R - a +4 ring of strength (right hand)
 W - a ring of stealth (left hand)
Wands
 o - a wand of iceblast (6)
 A - a wand of disintegration (11)
 Q - a wand of acid (5)
 S - a wand of polymorph (14)
Scrolls
 a - 2 scrolls of enchant armour
 B - 3 scrolls of magic mapping
 F - 6 scrolls of amnesia
 N - 3 scrolls of teleportation
Potions
 b - 2 potions of brilliance
 e - 2 potions of degeneration
 j - a potion of resistance {unknown}
 t - 2 potions of flight {unknown}
 P - a potion of ambrosia
Comestibles
 c - 10 rations


   Skills:
 + Level 6.0 Fighting
 * Level 11.2 Polearms
   Level 2.9(4.0) Slings
 * Level 4.3 Crossbows
 * Level 3.6(4.1) Throwing
 + Level 6.6 Armour
 + Level 3.5 Dodging
 * Level 3.7 Stealth


You had 8 spell levels left.
You didn't know any spells.
Your spell library was empty.

Dungeon Overview and Level Annotations

Branches:
Dungeon (8/15)             Temple (0/1) D:4
   Lair: D:8-11

Altars:
Ashenzari
Cheibriados
Dithmenos
Elyvilon
Fedhas
Makhleb
Okawaru
Trog
Vehumet
The Shining One

Annotations:
D:8 Erica


Innate Abilities, Weirdness & Mutations

You reflexively headbutt those who attack you in melee.
You have a pair of horns on your head.


Message History

The adder bites you but does no damage. Erica gestures at you while chanting.
The orb of energy hits you!
* * * LOW HITPOINT WARNING * * *
The orb of energy explodes!
You feel better. The adder bites you but does no damage.
As you read the scroll of teleportation, it crumbles to dust.
You feel strangely unstable. The adder bites you but does no damage.
The two-headed ogre barely misses you.
The two-headed ogre hits you with a giant club!
* * * LOW HITPOINT WARNING * * *
You feel better. The adder bites you.
* * * LOW HITPOINT WARNING * * *
Erica gestures wildly while chanting.
Erica flickers and vanishes!
Deactivating autopickup; reactivate with Ctrl-A.
The adder bites you.
* * * LOW HITPOINT WARNING * * *
The two-headed ogre hits you with a giant club!
You die...

#.....#......#
#.....'.$....#
#.....#>.....#
#.....#......#
##...##......#
##...##......#
#.....#......#
##.OS##....###
##..@#######
#.[[..#
#..[{.#
#.....#
#.....# ######
#.....# .....
#.....# ....
#.....# h..
#.....# ..


You could see a two-headed ogre and an adder.

Vanquished Creatures
  Pikel (D:6)
  A hornet (D:8)
  Prince Ribbit (D:6)
  A wyvern (D:7)
  A black bear (D:7)
  2 slaves (D:6)
  A sky beast (D:5)
  3 ogres
  A centaur (D:5)
  A big kobold (D:7)
  4 bullfrogs
  A gnoll sergeant (D:5)
  A wyvern skeleton (D:8)
  A scorpion (D:7)
  7 wights (D:8)
  A howler monkey (D:4)
  A crimson imp (D:5)
  3 hounds
  A bullfrog zombie (D:6)
  3 orc priests (D:3)
  A centaur skeleton (D:7)
  6 orc wizards
  Jessica (D:2)
  A gnoll shaman (D:6)
  3 iguanas
  5 worker ants
  2 hound zombies (D:5)
  A hound skeleton (D:5)
  12 gnolls
  6 adders
  3 oozes
  3 worms (D:2)
  3 dart slugs
  A leopard gecko (D:2)
  24 orcs
  2 ball pythons
  7 bats
  8 giant cockroaches
  3 hobgoblins
  14 jackals
  9 kobolds
  4 quokkas
  6 frilled lizards
  11 goblins
  A leopard gecko zombie (D:6)
  A quokka skeleton (D:4)
  6 rats
180 creatures vanquished.

Notes
Turn   | Place    | Note
-------+----------+-------------------------------------------
     0 | D:1      | whitewolfNL the Minotaur Berserker began the quest for the
                  | Orb.
     0 | D:1      | Reached XP level 1. HP: 19/19 MP: 0/0
   156 | D:1      | Reached skill level 4 in Polearms
   206 | D:1      | Reached XP level 2. HP: 24/27 MP: 1/1
  1183 | D:2      | Reached ** piety under Trog
  1245 | D:2      | Reached XP level 3. HP: 33/33 MP: 2/2
  1303 | D:2      | Reached XP level 4. HP: 25/40 MP: 3/3
  1362 | D:2      | Noticed Jessica
  1873 | D:2      | Reached skill level 5 in Polearms
  2098 | D:2      | Killed Jessica
  2250 | D:2      | Reached XP level 5. HP: 46/46 MP: 4/4
  2622 | D:2      | Found a burning altar of Makhleb.
  2622 | D:2      | Found a shattered altar of Ashenzari.
  2631 | D:2      | Found a blossoming altar of Fedhas.
  2638 | D:2      | Found a glowing golden altar of the Shining One.
  2640 | D:2      | Found a shadowy altar of Dithmenos.
  2966 | D:3      | Reached skill level 6 in Polearms
  3432 | D:3      | Found a blossoming altar of Fedhas.
  3433 | D:3      | Reached *** piety under Trog
  3487 | D:3      | Reached skill level 7 in Polearms
  3487 | D:3      | Reached XP level 6. HP: 52/52 MP: 5/5
  3576 | D:3      | Reached skill level 1 in Stealth
  3813 | D:3      | Found a snail-covered altar of Cheibriados.
  3815 | D:3      | Found a bloodstained altar of Trog.
  4287 | D:4      | Found a staircase to the Ecumenical Temple.
  5027 | D:4      | Found an iron altar of Okawaru.
  5044 | D:4      | Reached skill level 1 in Crossbows
  5088 | D:4      | Reached skill level 1 in Throwing
  5088 | D:4      | Reached XP level 7. HP: 56/60 MP: 6/6
  5581 | D:5      | Entered Level 5 of the Dungeon
  5601 | D:5      | Reached skill level 8 in Polearms
  6050 | D:5      | Reached skill level 1 in Slings
  6512 | D:5      | Found a radiant altar of Vehumet.
  6764 | D:5      | Reached **** piety under Trog
  7000 | D:5      | Reached XP level 8. HP: 67/67 MP: 7/7
  7195 | D:6      | Reached skill level 5 in Armour
  7225 | D:6      | Noticed Prince Ribbit
  7232 | D:6      | Found a shadowy altar of Dithmenos.
  7623 | D:6      | Noticed Pikel
  7637 | D:6      | Killed Pikel
  7637 | D:6      | Reached skill level 5 in Fighting
  7637 | D:6      | Reached skill level 9 in Polearms
  8878 | D:6      | Reached XP level 9. HP: 68/74 MP: 8/8
  9084 | D:6      | Killed Prince Ribbit
  9604 | D:7      | Reached skill level 10 in Polearms
 10433 | D:8      | Noticed Erica
 10946 | D:8      | Found a white marble altar of Elyvilon.
 11259 | D:8      | Reached skill level 11 in Polearms
 11294 | D:8      | Noticed a two-headed ogre
 11307 | D:8      | HP: 3/75 [Erica/orb of energy (24)]
 11309 | D:8      | HP: 1/75 [two-headed ogre/giant club (7)]
 11310 | D:8      | Mangled by a two-headed ogre

Skill      XL: |  1  2  3  4  5  6  7  8  9 |
---------------+----------------------------+-----
Polearms       | 4 5 7 8 9 11 | 11.2
Fighting       | 4 5 6 |  6.0
Armour         | 3 4 6 |  6.6
Stealth        | 1 2 3 |  3.7
Dodging        | 3 |  3.5
Crossbows      | 1 2 3 4 |  4.3
Throwing       | 1 2 3 |  3.6
Slings         | 1 2 |  2.9

Action                   |  1- 3 |  4- 6 |  7- 9 || total
-------------------------+-------+-------+-------++-------
Melee: Spear             |    57 |    12 |       ||    69
       Headbutt          |     6 |    27 |    48 ||    81
       Halberd           |       |   101 |   308 ||   409
       Trident           |       |    56 |       ||    56
Throw: Tomahawk          |     2 |       |    18 ||    20
       Stone             |       |       |     1 ||     1
Invok: Berserk           |     1 |     3 |    11 ||    15
Evoke: Wand              |       |       |     1 ||     1
  Use: Scroll            |       |    11 |    10 ||    21
       Potion            |       |     1 |     8 ||     9
  Eat: Ration            |     1 |     2 |     7 ||    10
       Chunk             |       |     7 |     7 ||    14
Armor: Animal skin       |    17 |     2 |       ||    19
       Ring mail         |       |    30 |       ||    30
       Chain mail        |       |    53 |   135 ||   188
Dodge: Dodged            |    29 |    80 |   223 ||   332
